 Dungeon Crawl Stone Soup version 0.29-a0-676-ga64570c9d2 (webtiles) character file.

Game seed: 16955543257053154193

63 YayAnonymity the Cudgeller (level 3, -5/35 HPs)
             Began as a Troll Gladiator on June 24, 2022.
             Killed from afar by a white imp (7 damage)
             ... with a puff of frost
             ... summoned by Natasha
             ... on level 1 of the Dungeon.
             The game lasted 00:02:02 (1139 turns).

YayAnonymity the Cudgeller (Troll Gladiator)        Turns: 1139, Time: 00:02:03

Health: -5/35      AC:  4    Str: 24    XL:     3   Next: 89%
Magic:  2/2        EV: 10    Int:  4    God:
Gold:   10         SH:  0    Dex: 11    Spells: 2/2 levels left

rFire   . . .      SeeInvis .   a - +0 flail
rCold   . . .      Faith    .   (no shield)
rNeg    . . .      Spirit   .   b - +0 robe
rPois   .          Reflect  .   c - +0 hat
rElec   .          Harm     .   (no cloak)
rCorr   .          Rampage  .   (gloves unavailable)
Will    .....                   (boots unavailable)
Stlth   +.........              (no amulet)
HPRegen 0.91/turn               (no ring)
MPRegen 0.08/turn               (no ring)

@: no status effects
A: large, unfitting armour, claws 3, regeneration 1, shaggy fur 1, tough skin 1
a: no special abilities


You were on level 1 of the Dungeon.
You visited 1 branch of the dungeon, and saw 2 of its levels.

You collected 10 gold pieces.

Inventory:

Hand Weapons
 a - a +0 flail (weapon)
Missiles
 d - 3 throwing nets (quivered)
 e - a large rock
Armour
 b - a +0 robe (worn)
 c - a +0 hat (worn)
Scrolls
 i - a scroll of teleportation {unknown}
 j - a scroll of fear {unknown}
Potions
 f - 2 potions of might
 g - a potion of heal wounds


   Skills:
 - Level 2.0 Fighting
 * Level 3.4 Maces & Flails
 + Level 2.1 Throwing
 + Level 0.9 Armour
 + Level 2.7 Dodging


You had 2 spell levels left.
You didn't know any spells.
Your spell library contained the following spells:

 Spells                   Type           Power      Damage    Failure   Level
 Blink                    Tloc           0%         N/A       65%         2
 Lesser Beckoning         Tloc           0%         N/A       86%         3
 Manifold Assault         Tloc           0%         N/A       100%        5


Dungeon Overview and Level Annotations

Branches:
Dungeon (2/15)

Altars:

Shops:
D:2 *

Annotations:
D:1 Natasha


Innate Abilities, Weirdness & Mutations

You are too large for most types of armour.
You have claws for hands.
Your natural rate of healing is unusually fast.
You are covered in fur. (AC +1)
You have tough skin. (AC +1)


Message History

The white imp completely misses you. Natasha closely misses you.
You sock Natasha!
Natasha is heavily wounded.
The white imp hits you. The white imp freezes you.
Natasha casts a spell at you. The magic dart hits you.
You closely miss Natasha.
Natasha is heavily wounded.
The white imp barely misses you. Natasha claws you.
You closely miss Natasha.
Natasha is heavily wounded.
The white imp barely misses you.
Natasha drinks a potion.
Natasha is healed!
You closely miss Natasha.
Natasha is lightly wounded.
The white imp shouts, "Decamp, thou twisted ruttish slime mould!"
The white imp gestures at you. The puff of frost misses you. Natasha claws you.
You closely miss Natasha.
Natasha is lightly wounded.
The white imp barely misses you. Natasha closely misses you.
The white imp hits you. The white imp freezes you. Natasha barely misses you.
You are too injured to fight recklessly!
You are too injured to fight recklessly!
You are too injured to fight recklessly!
You are too injured to fight recklessly!
You barely miss Natasha. The white imp gestures at you.
The puff of frost hits you!
* * * LOW HITPOINT WARNING * * *
Natasha barely misses you.
You barely miss Natasha. The white imp gestures at you.
The puff of frost hits you.
* * * LOW HITPOINT WARNING * * *
Natasha claws you.
* * * LOW HITPOINT WARNING * * *
You closely miss Natasha. The white imp gestures at you.
The puff of frost hits you!
You die...

** *** ,**********#####****,*
,,,,,,,,,,,..#..,,,,,* ######
,**********#.#.#####,* #..... ,*
####.#.#...#,* #.#### ,*
#..#.#.#.#.#,# #.# ,*
#..#.#.....#.#######.#
#########..#.#.............#.####
................@................
,######.#..#.#..5h.#.#####.#.####
.#......#..#.#...#.#,# #.#.#
>.......#..#.#.###.#.* #.#.#
....#...#....#.....#.#####.#.#
........#..##.....##.........#
.#......#...............##.######
.....#.....##.....#####..........
.......###.#....................#


You could see Natasha and a white imp (summoned).

Vanquished Creatures
  Natasha (twice) (D:1)
  A bat (D:1)
  4 endoplasms (D:1)
  A giant cockroach (D:1)
  4 ball pythons (D:1)
  2 frilled lizards (D:1)
  3 kobolds (D:1)
17 creatures vanquished.

Notes
Turn   | Place    | Note
-------+----------+-------------------------------------------
     0 | D:1      | YayAnonymity the Troll Gladiator began the quest for the
                  | Orb.
     0 | D:1      | Reached XP level 1. HP: 19/19 MP: 0/0
   317 | D:1      | Reached XP level 2. HP: 28/28 MP: 1/1
   626 | D:1      | Reached skill level 3 in Maces & Flails
   741 | D:2      | Noticed Natasha
   741 | D:2      | Found Foveq's General Store.
   751 | D:1      | Noticed a crimson imp
   752 | D:1      | Killed Natasha
   753 | D:1      | Reached XP level 3. HP: 28/35 MP: 2/2
   768 | D:1      | Noticed Natasha
   781 | D:1      | Killed Natasha
  1129 | D:1      | Noticed Natasha
  1138 | D:1      | HP: 1/35 [Natasha (3)]
  1139 | D:1      | Killed from afar by a white imp

Illustrated notes

Levels and vault maps discovered:
D:1:      amcnicky_arrival_wind_blow, layout_basic,
          hangedman_decor_clover_reticule
D:2:      layout_loops_ring, serial_shops, shop, uniq_natasha, uniq_robin

Skill      XL: |  1  2  3 |
---------------+----------+-----
Maces & Flails | 3 |  3.4
Throwing       | 2 |  2.1
Fighting       | 2 |  2.0
Armour         | |  0.9
Dodging        | |  2.7

Action                   || total
-------------------------++-------
Melee: Flail             ||    78
  Use: Scroll            ||     4
Armor: Robe              ||    18
Dodge: Dodged            ||    46

Table legend: (Time is in decaauts)
 A = Elapsed time spent in this place.
 B = Non-inter-level travel time spent in this place.
 C = Inter-level travel time spent in this place.
 D = Time resting spent in this place.
 E = Time spent auto-exploring this place.
 F = Levels seen in this place.
 G = Mean time per level.
                   A        B        C        D        E       F      G
               +--------+--------+--------+--------+--------+-----+--------+
         Total |   1168 |   1123 |     45 |      9 |    791 |   2 |  584.0 |
       Dungeon |   1168 |   1123 |     45 |      9 |    791 |   2 |  584.0 |
               +--------+--------+--------+--------+--------+-----+--------+

Top non-repeatable levels by time:
     D:1: 1164 daAuts
     D:2: 4 daAuts
